 Dungeon Crawl Stone Soup version 0.29.1-15-g9cfb28693d (webtiles) character file.

Game seed: 7317364746675716814

2090 Heoruswealwe the Thaumaturge (level 9, 0/45 HPs)
             Began as a Deep Elf Earth Elementalist on Mar 29, 2023.
             Was a Priest of Vehumet.
             Slain by a wyvern zombie (1 damage)
             ... on level 7 of the Dungeon.
             The game lasted 01:13:34 (6658 turns).

Heoruswealwe the Thaumaturge (DEEE)                 Turns: 6658, Time: 01:13:34

Health: 0/45       AC:  7    Str:  5    XL:     9   Next: 6%
Magic:  22/25      EV: 12    Int: 30    God:    Vehumet [***...]
Gold:   209        SH:  0    Dex: 15    Spells: 18/28 levels left

rFire   . . .      SeeInvis .   b - +6 mace "Suidgh" {pain, rElec rN+ Will+ Int+5}
rCold   . . .      Faith    .   (no shield)
rNeg    + . .      Spirit   .   c - +0 robe
rPois   +          Reflect  .   g - +2 hat
rElec   +          Harm     .   h - +1 cloak {Stlth+}
rCorr   .          Rampage  .   f - +0 pair of gloves
Will    ++...                   (no boots)
Stlth   +++.......              (no amulet)
HPRegen 0.15/turn               k - ring of willpower
MPRegen 0.19/turn               j - ring of poison resistance

@: no status effects
A: no striking features
a: Renounce Religion


You were on level 7 of the Dungeon.
You worshipped Vehumet.
Vehumet was most pleased with you.
You visited 2 branches of the dungeon, and saw 8 of its levels.

You collected 209 gold pieces.

Inventory:

Hand Weapons
 b - the +6 mace "Suidgh" (weapon) {pain, rElec rN+ Will+ Int+5}
   (You found it on level 2 of the Dungeon)

   In the hands of one skilled in necromantic magic, it inflicts extra damage on
   living creatures.
   Int:       It affects your intelligence (+5).
   rElec:     It insulates you from electricity.
   rN:        It protects you from negative energy.
   Will:      It increases your willpower.
Armour
 c - a +0 robe (worn)
 f - a +0 pair of gloves (worn)
 g - a +2 hat (worn)
 h - a +1 cloak of stealth (worn)
 A - a +0 robe
 C - a +0 robe
 D - a +0 helmet
 E - a +0 robe
 F - a +0 robe
 G - a +0 robe
 H - a +0 robe
Magical Staves
 z - a staff of death
Jewellery
 j - a ring of poison resistance (right hand)
 k - a ring of willpower (left hand)
Scrolls
 d - 5 scrolls of teleportation
 i - 2 scrolls of fear
 p - a scroll of amnesia
 s - a scroll of enchant armour
 t - 2 scrolls of butterflies {unknown}
 u - 2 scrolls of enchant weapon
 v - a scroll of vulnerability {unknown}
 y - a scroll of summoning {unknown}
 B - a scroll of magic mapping
Potions
 a - 2 potions of heal wounds {unknown}
 e - 2 potions of degeneration {unknown}
 l - a potion of magic
 m - a potion of ambrosia {unknown}
 o - 2 potions of invisibility {unknown}
 q - a potion of lignification {unknown}
 r - 2 potions of curing {unknown}
 w - a potion of haste {unknown}
 x - a potion of attraction {unknown}


   Skills:
 - Level 2.4 Dodging
 - Level 2.4 Stealth
 * Level 10.3 Spellcasting
 + Level 5.8 Transmutations
 * Level 8.9 Earth Magic


You had 18 spell levels left.
You knew the following spells:

 Your Spells              Type           Power      Damage    Failure   Level
a - Sandblast             Erth           100%       2d20      1%          1
b - Stone Arrow           Conj/Erth      84%        3d12      1%          3
c - Petrify               Tmut/Erth      56%        N/A       1%          4
z - Passwall              Tmut/Erth      46%        N/A       1%          2

Your spell library contained the following spells:

 Spells                   Type           Power      Damage    Failure   Level
 Ignite Poison            Fire/Tmut/Pois 27%        N/A       1%          3
 Magic Dart               Conj           60%        1d6       1%          1
 Sting                    Tmut/Pois      100%       1d8       1%          1
 Poisonous Vapours        Pois/Air       30%        N/A       1%          2
 Mephitic Cloud           Conj/Pois/Air  15%        N/A       2%          3
 Call Imp                 Summ           15%        N/A       4%          2
 Hailstorm                Conj/Ice       15%        3d5       9%          4
 Olgreb's Toxic Radiance  Pois           15%        N/A       9%          4
 Ice Form                 Ice/Tmut       33%        N/A       10%         4
 Corpse Rot               Necr/Pois/Air  15%        N/A       32%         4
 Simulacrum               Ice/Necr       7%         N/A       99%         6


Dungeon Overview and Level Annotations

Branches:
Dungeon (7/15)             Temple (1/1) D:5

Altars:
Ashenzari
Dithmenos
Elyvilon
Gozag
Hepliaklqana
Makhleb
Nemelex Xobeh
Okawaru
Qazlal
Ru
Sif Muna
Trog
Uskayaw
Vehumet
Yredelemnul
Zin
The Shining One

Shops:
D:4 :

Annotations:
D:7 vvl's ghost, novice DsVM


Message History

Casting: Sandblast (safe; 1% risk of failure)
Confirm with . or Enter, or press ? or * to list all spells.
You can't see any susceptible monsters within range! (Use Z to cast anyway.)
Casting: Sandblast (safe; 1% risk of failure)
Confirm with . or Enter, or press ? or * to list all spells.
Aiming: Sandblast (safe; 1% risk of failure)
Press: ? - help, Shift-Dir - straight line, f - wyvern zombie
Aim: a wyvern zombie (95% to hit)
The blast of sand hits the wyvern zombie!
The wyvern zombie is moderately damaged.
Casting: Sandblast (safe; 1% risk of failure)
Confirm with . or Enter, or press ? or * to list all spells.
Aiming: Sandblast (safe; 1% risk of failure)
Press: ? - help, Shift-Dir - straight line, f/p - wyvern zombie
Aim: a wyvern zombie (moderately damaged, 95% to hit)
The blast of sand hits the wyvern zombie!!
The wyvern zombie is severely damaged.
The wyvern zombie closely misses you.
Blink to where?
Press: ? - help, Dir - move target, p - wyvern zombie
As you read the scroll of blinking, it crumbles to dust.
Casting: Sandblast (safe; 1% risk of failure)
Confirm with . or Enter, or press ? or * to list all spells.
Aiming: Sandblast (safe; 1% risk of failure)
Press: ? - help, Shift-Dir - straight line, f - wyvern zombie
Aim: a wyvern zombie (black smoke, 95% to hit)
The blast of sand hits the wyvern zombie.
The wyvern zombie is lightly damaged.
The wyvern zombie bites you but does no damage.
Casting: Sandblast (safe; 1% risk of failure)
Confirm with . or Enter, or press ? or * to list all spells.
Aiming: Sandblast (safe; 1% risk of failure)
Press: ? - help, Shift-Dir - straight line, f/p - wyvern zombie
Aim: a wyvern zombie (black smoke, lightly damaged, 95% to hit)
The blast of sand hits the wyvern zombie.
The wyvern zombie is almost destroyed.
The wyvern zombie bites you!
* * * LOW HITPOINT WARNING * * *
The wyvern zombie bites you.
You die...

###..# #.......# ######..#
#.###.######### #.......# .#
#..###....# #.......######§#
#...##.##.# #.....#.....§§.#
#......##.#
#.....#...#.§#####..§§§§##.#
#.....###.#.§.§#.)§§§§§.##.#
#.....# #.).§§§§)#§§....##.#
#.....# ##.§.§.#@#§§§..§##.#
#.....# #..§.§#.Z§....>...#
...... #########..########
#..z..?.# #.......#
#.......# #....8.8#
#....P.8# +.........


You could see a wight and a wyvern zombie.

Vanquished Creatures
  An ice beast (D:7)
  An orc warrior (D:6)
  2 hornet zombies (D:7)
  A black bear (D:4)
  A centaur (D:7)
  3 ogres
  A gnoll sergeant (D:7)
  A bullfrog (D:6)
  2 necrophages
  2 scorpions
  5 wights (D:7)
  3 howler monkeys (D:7)
  A bullfrog zombie (D:7)
  A quasit (D:5)
  3 centaur zombies (D:7)
  2 orc priests (D:6)
  Crazy Yiuf (D:2)
  2 iguanas
  An orc wizard (D:6)
  A statue (D:4)
  A killer bee zombie (D:7)
  4 gnolls (D:7)
  7 adders
  2 shadow imps
  2 white imps
  2 ufetubi
  A worm (D:2)
  A dart slug (D:5)
  7 orcs
  4 endoplasms
  9 giant cockroaches
  6 goblins
  3 hobgoblins
  A jackal (D:1)
  3 quokkas
  4 ball pythons
  4 bats
  3 frilled lizards
  4 kobolds
  7 rats
  24 bushes (D:3)
  A butterfly (D:3)
135 creatures vanquished.

Vanquished Creatures (others)
  9 demonic plants (D:5)
  2 fungi (D:1)
  16 plants (D:1)
  4 withered plants (D:7)
31 creatures vanquished.

Grand Total: 166 creatures vanquished

Notes
Turn   | Place    | Note
-------+----------+-------------------------------------------
     0 | D:1      | Heoruswealwe the Deep Elf Earth Elementalist began the
                  | quest for the Orb.
     0 | D:1      | Reached XP level 1. HP: 10/10 MP: 6/6
    83 | D:1      | Found a faded altar of an unknown god.
    92 | D:1      | Prayed at the altar of an unknown god.
    92 | D:1      | Became a worshipper of Vehumet
    92 | D:1      | Reached * piety under Vehumet
    92 | D:1      | Offered knowledge of Foxfire by Vehumet.
   346 | D:1      | Reached XP level 2. HP: 15/15 MP: 8/8
   349 | D:1      | Learned a level 2 spell: Passwall
   924 | D:2      | Identified the +6 mace "Suidgh" {pain, rElec rN+ Will+
                  | Int+5}
  1052 | D:2      | Reached XP level 3. HP: 19/19 MP: 8/10
  1056 | D:2      | Learned a level 3 spell: Stone Arrow
  1158 | D:2      | Reached skill level 4 in Spellcasting
  1238 | D:2      | Found a hide-covered altar of Uskayaw.
  1380 | D:2      | Found a runed translucent door.
  1381 | D:2      | Noticed Crazy Yiuf
  1387 | D:2      | Killed Crazy Yiuf
  1387 | D:2      | Offered knowledge of Freeze by Vehumet.
  1388 | D:2      | Reached XP level 4. HP: 8/24 MP: 8/12
  1523 | D:1      | Learned a level 4 spell: Petrify
  1739 | D:3      | Reached ** piety under Vehumet
  1819 | D:3      | Found an iron altar of Okawaru.
  2104 | D:2      | You fall into a shaft and drop 1 floor!
  2201 | D:3      | Found a white marble altar of Elyvilon.
  3999 | D:3      | Found a shadowy altar of Dithmenos.
  4128 | D:4      | Reached skill level 5 in Spellcasting
  4128 | D:4      | Reached XP level 5. HP: 12/28 MP: 9/14
  4145 | D:4      | Found a radiant altar of Vehumet.
  4193 | D:4      | Noticed a frost-covered statue
  4206 | D:4      | Killed a frost-covered statue
  4259 | D:4      | Found a stormy altar of Qazlal.
  4259 | D:4      | Found a glowing silver altar of Zin.
  4302 | D:4      | Found Neevut Teiru's Book Boutique.
  4694 | D:4      | Noticed an ogre
  4698 | D:4      | Killed an ogre
  4699 | D:4      | Reached skill level 5 in Earth Magic
  4791 | D:4      | Noticed a black bear
  4794 | D:4      | Killed a black bear
  4795 | D:4      | Reached skill level 6 in Spellcasting
  4795 | D:4      | Reached XP level 6. HP: 32/32 MP: 13/17
  4933 | D:5      | Entered Level 5 of the Dungeon
  4933 | D:5      | Found a staircase to the Ecumenical Temple.
  4949 | Temple   | Entered the Ecumenical Temple
  5511 | D:5      | Reached XP level 7. HP: 36/36 MP: 19/19
  5868 | D:5      | Reached skill level 7 in Spellcasting
  6188 | D:6      | Offered knowledge of Ignite Poison by Vehumet.
  6273 | D:6      | Reached skill level 8 in Spellcasting
  6310 | D:6      | Reached XP level 8. HP: 32/41 MP: 19/22
  6441 | D:7      | Reached *** piety under Vehumet
  6446 | D:7      | Reached skill level 9 in Spellcasting
  6446 | D:7      | Reached skill level 5 in Transmutations
  6493 | D:7      | Noticed vvl's ghost (novice DsVM)
  6601 | D:7      | Reached skill level 10 in Spellcasting
  6604 | D:7      | HP: 1/41 [hornet zombie (5)]
  6608 | D:7      | Reached XP level 9. HP: 2/45 MP: 19/25
  6658 | D:7      | HP: 1/45 [wyvern zombie (9)]
  6658 | D:7      | Slain by a wyvern zombie

Illustrated notes

Levels and vault maps discovered:
D:1:      tarquinn_simple_flora_water_d, layout_loops_ring,
          dilly_ecumenical_altar_fadedgnrine, minmay_vboxes
D:2:      layout_rooms, basic_altar, uniq_crazy_yiuf_cottage
D:3:      layout_rooms, nicolae_elyvilon_peaceful_grove, okawaru_trees_1,
          grunt_dithmenos_smoke
D:4:      layout_basic, vehumet_statue, amethyst_overflow_temple_binary,
          serial_shops, nicolae_shop_crystal
D:5:      layout_loops_ring, minmay_temple_entry_offerings, serial_demonic,
          serial_demonic_e, serial_demonic_b, serial_demonic_c,
          serial_demonic_f, minmay_misc_feat_cross
D:6:      layout_rooms
D:7:      layout_basic, mainiacjoe_overflow_catwalk,
          hellmonk_ghost_happy_afterlife, serial_undead, serial_undead_c,
          serial_undead_c, serial_undead_b, serial_undead_a, serial_undead_a,
          serial_undead_e, serial_undead_e, serial_undead_b
Temple:   bh_familiar_temple

Skill      XL: |  1  2  3  4  5  6  7  8 |
---------------+-------------------------+-----
Spellcasting   | 4 5 6 8 10 | 10.3
Earth Magic    | 4 5 6 7 8 |  8.9
Transmutations | 2 3 4 5 |  5.8
Dodging        | |  2.4
Stealth        | |  2.4

Action                   |  1- 3 |  4- 6 |  7- 9 || total
-------------------------+-------+-------+-------++-------
Melee: Unarmed           |    89 |       |       ||    89
       Punch             |     4 |    35 |     1 ||    40
       Mace              |       |  1586 |    32 ||  1618
 Cast: Sandblast         |    46 |    56 |    95 ||   197
       Passwall          |     3 |       |     2 ||     5
  Use: Scroll            |       |     9 |     6 ||    15
Armor: Robe              |     4 |     8 |    16 ||    28
Dodge: Dodged            |    12 |    13 |    26 ||    51
